AoeStats
← AiM | Facu1414

Socotra

506746834Analyzed
4v4 RM · 16d ago on Sep 14, 2026· 36m 47s· 8 players
Game mode
Random Map
Map size
148×148
Population
200
Speed
Normal
Resources
Standard
Victory
Conquest
Starting age
Dark Age
Ending age
Imperial Age
RankedLock teamsTeams togetherTeam positionsShared explorationLock speedFull tech treeHidden civsTurbo modeCheats
Victory
Defeat
🇨🇱 Magyars · Chile
1618
+13
🇨🇱 Maya · Chile
1546
+16
🇨🇱 Lithuanians · Chile
1396
+22
🇨🇱 Teutons · Chile
1317
+25
🇧🇷 Teutons · Brazil
1543
-19
🇦🇷 Slavs · Argentina
1539
-19
🇨🇱 Tupi · Chile
1535
-19
🇦🇷 Maya · Argentina
1533
-19
таҗик
0:25 Loom
14:24 Feudal Age
15:15 Double-Bit Axe
20:07 Castle Age
18:49 Fletching
19:02 Horse Collar
19:36 Gold Mining
29:40 Sanctity
32:38 Bodkin Arrow
35:19 Wheelbarrow
36:26 Ballistics
39:02 Imperial Age
Tylenol
6:17 Loom
8:52 Feudal Age
9:49 Horse Collar
10:17 Double-Bit Axe
17:31 Scale Barding Armor
21:47 Castle Age
20:14 Forging
21:51 Gold Mining
23:10 Squires
24:11 Bow Saw
24:01 Heavy Plow
26:12 Pikeman
28:12 Chain Barding Armor
29:49 Iron Casting
30:25 Wheelbarrow
31:39 Scale Mail Armor
32:39 Chain Mail Armor
32:50 Hand Cart
33:19 Bloodlines
35:27 Fletching
AiM | Facu1414
6:22 Loom
8:58 Feudal Age
10:02 Double-Bit Axe
16:24 Scale Barding Armor
17:50 Forging
20:55 Bloodlines
26:15 Castle Age
24:43 Gold Mining
25:03 Horse Collar
26:15 Light Cavalry
27:19 Chain Barding Armor
27:35 Iron Casting
32:32 Gold Shaft Mining
AiM | Shuffle
2:58 Loom
9:38 Feudal Age
12:56 Fletching
18:44 Town Watch
23:43 Castle Age
21:44 Double-Bit Axe
22:15 Horse Collar
22:27 Gold Mining
23:40 Padded Archer Armor
23:49 Crossbowman
24:29 Bodkin Arrow
26:45 Ballistics
28:30 Bow Saw
31:37 Wheelbarrow
31:22 Leather Archer Armor
joseto.lld
1:28 Loom
16:11 Feudal Age
20:20 Fletching
31:05 Castle Age
32:40 Padded Archer Armor
32:35 Bodkin Arrow
32:31 Elite Skirmisher
Luchod_95
6:46 Loom
8:59 Feudal Age
9:29 Double-Bit Axe
15:34 Scale Barding Armor
15:44 Forging
16:56 Scale Barding Armor
19:29 Bloodlines
25:17 Castle Age
24:00 Horse Collar
24:14 Gold Mining
26:06 Husbandry
27:28 Iron Casting
30:11 Wheelbarrow
31:32 Bow Saw
31:23 Heavy Plow
32:57 Stone Mining
36:07 Chain Barding Armor
mnelias
0:27 Loom
10:11 Feudal Age
11:11 Double-Bit Axe
15:31 Fletching
16:12 Horse Collar
22:30 Padded Archer Armor
23:56 Gold Mining
28:58 Castle Age
28:35 Wheelbarrow
28:32 Stone Mining
29:10 Man-at-Arms
29:13 Crossbowman
29:56 Bodkin Arrow
30:42 Town Watch
32:32 Thumb Ring
37:10 Ballistics
Persir
8:52 Feudal Age
9:27 Double-Bit Axe
9:55 Loom
15:54 Horse Collar
19:28 Bloodlines
22:45 Wheelbarrow
24:35 Castle Age
23:04 Gold Mining
23:31 Scale Barding Armor
26:29 Chain Barding Armor
Connection lost

Rejoining the realm…

Still unreachable

The connection could not be restored.

Session expired

The server has moved on; the page needs a fresh start.